 Dungeon Crawl Stone Soup version 0.29.1-15-g9cfb28693d (webtiles) character file.

Game seed: 3761790368310183672

812 Ast3rio the Chopper (level 7, -1/91 HPs)
             Began as a Minotaur Berserker on Feb 28, 2023.
             Was a Priest of Trog.
             Slain by a goblin
             ... wielding a +0 hand axe
              (4 damage)
             ... on level 5 of the Dungeon.
             The game lasted 00:10:37 (5043 turns).

Ast3rio the Chopper (Minotaur Berserker)            Turns: 5043, Time: 00:10:37

Health: -1/91      AC: 10    Str: 23    XL:     7   Next: 61%
Magic:  6/6        EV:  9    Int:  4    God:    Trog [***...]
Gold:   221        SH:  0    Dex: 10    Spells: 6/6 levels left

rFire   . . .      SeeInvis .   w - +3 quarterstaff (chaos)
rCold   . . .      Faith    .   (shield currently unavailable)
rNeg    . . .      Spirit   .   c - +0 chain mail
rPois   .          Reflect  .   (helmet restricted)
rElec   .          Harm     .   (no cloak)
rCorr   .          Rampage  .   (no gloves)
Will    .....                   (no boots)
Stlth   ..........              (no amulet)
HPRegen 0.25/turn               (no ring)
MPRegen 0.10/turn               (no ring)

@: berserking (expiring), very quick
A: horns 2, retaliatory headbutt
a: Renounce Religion, Berserk, Trog's Hand


You were on level 5 of the Dungeon.
You worshipped Trog.
Trog was most pleased with you.
You visited 2 branches of the dungeon, and saw 6 of its levels.

You collected 221 gold pieces.

Inventory:

Hand Weapons
 a - a +0 hand axe
 w - a +3 quarterstaff of chaos (weapon)
Armour
 b - a +0 animal skin
 c - a +0 chain mail (worn)
Jewellery
 i - a ring of ice
 l - a ring of protection from cold
Wands
 x - a wand of polymorph (7)
Scrolls
 g - 2 scrolls of brand weapon {unknown}
 h - 3 scrolls of identify {unknown}
 j - a scroll of poison {unknown}
 m - a scroll of immolation {unknown}
 n - 2 scrolls of teleportation {unknown}
 r - a scroll of amnesia {unknown}
 s - a scroll of enchant armour {unknown}
 t - a scroll of noise {unknown}
 u - a scroll of butterflies {unknown}
Potions
 d - a potion of cancellation
 e - a potion of mutation {unknown}
 f - a potion of curing {unknown}
 k - 2 potions of brilliance {unknown}
 o - 3 potions of haste {unknown}
 p - 3 potions of resistance {unknown}
 q - 2 potions of flight {unknown}
 v - a potion of degeneration {unknown}


   Skills:
 + Level 5.4 Fighting
 + Level 7.2 Axes
 + Level 2.0 Staves
 + Level 6.5 Armour
 + Level 2.9 Dodging
 + Level 0.5 Stealth


You had 6 spell levels left.
You didn't know any spells.
Your spell library was empty.

Dungeon Overview and Level Annotations

Branches:
Dungeon (5/15)             Temple (1/1) D:5

Altars:
Ashenzari
Cheibriados
Dithmenos
Fedhas
Hepliaklqana
Kikubaaqudgha
Makhleb
Nemelex Xobeh
Qazlal
Ru
Trog
Uskayaw
Vehumet
Wu Jian
Xom


Innate Abilities, Weirdness & Mutations

You have a pair of horns on your head.
You reflexively headbutt those who attack you in melee.


Message History

Press: ? - help, Q - select action, (/) - cycle Shift-Dir - straight line, f - orc
Aim: an orc, wielding a +0 hand axe (will become a jackal, an endoplasm, or a goblin, chance to affect: 66%)
The orc evaporates and reforms as a goblin!
Aiming: Polymorph
Press: ? - help, Q - select action, (/) - cycle Shift-Dir - straight line, f - phantom, p - goblin
Aim: a phantom (not susceptible)
The phantom is unaffected.
The goblin picks up a +0 hand axe.
The goblin wields a +0 hand axe.
Aiming: Polymorph
Press: ? - help, Q - select action, (/) - cycle Shift-Dir - straight line, f/p - phantom
Aim: a phantom (not susceptible)
The phantom is unaffected.
The phantom closely misses you.
A red film seems to cover your vision as you go berserk!
You feel yourself moving faster!
You feel mighty!
The phantom hits you but does no damage.
You barely miss the phantom. Your headbutt misses the phantom.
The phantom closely misses you. You furiously retaliate!
You headbutt the phantom! You sock the phantom! You burn the phantom.
Your headbutt misses the phantom.
The phantom is almost destroyed.
The sentinel's mark upon you fades away.
The goblin hits you but does no damage.
You closely miss the phantom.
The phantom is almost destroyed.
The phantom hits you but does no damage.
You barely miss the phantom. Your headbutt misses the phantom.
The phantom is almost destroyed.
The goblin hits you with a +0 hand axe.
* * * LOW HITPOINT WARNING * * *
The phantom hits you but does no damage.
You closely miss the phantom.
The phantom is almost destroyed.
The goblin closely misses you.
The phantom hits you but does no damage.
You sock the phantom!
You destroy the phantom!
Trog accepts your kill. The goblin hits you with a +0 hand axe.
You die...

##...##.####.#.<.#
#.......# #......
#.....### ......
#......#### ..
##........+
##W...#### #.#.##
###.### #@))#
#.g.).# #.....#
#.....# ##...##
##.## #.# ...


You could see a goblin.

Vanquished Creatures
  Sigmund (D:2)
  A black bear (D:5)
  A phantom (D:5)
  2 scorpions (D:5)
  A howler monkey (D:5)
  2 hounds
  Crazy Yiuf (D:4)
  An iguana (D:5)
  Natasha (thrice) (D:2)
  2 orc wizards (D:5)
  5 gnolls (D:5)
  2 adders
  2 ufetubi (D:5)
  2 worms (D:2)
  2 dart slugs (D:4)
  11 orcs (D:5)
  10 ball pythons
  4 bats
  8 endoplasms
  A giant cockroach (D:1)
  7 goblins
  9 hobgoblins
  3 jackals (D:5)
  5 quokkas
  3 frilled lizards
  2 kobolds
  3 rats
94 creatures vanquished.

Vanquished Creatures (others)
  A fungus (D:4)
  25 plants (D:5)
26 creatures vanquished.

Grand Total: 120 creatures vanquished

Notes
Turn   | Place    | Note
-------+----------+-------------------------------------------
     0 | D:1      | Ast3rio the Minotaur Berserker began the quest for the Orb.
     0 | D:1      | Reached XP level 1. HP: 19/19 MP: 0/0
   247 | D:1      | Reached XP level 2. HP: 24/27 MP: 1/1
   249 | D:1      | Reached skill level 4 in Axes
   482 | D:1      | Found a faded altar of an unknown god.
   870 | D:1      | Reached XP level 3. HP: 32/33 MP: 2/2
   888 | D:1      | Reached ** piety under Trog
  1641 | D:2      | Noticed Natasha
  1645 | D:2      | Killed Natasha
  1646 | D:2      | Reached skill level 5 in Axes
  1646 | D:2      | Reached XP level 4. HP: 36/40 MP: 3/3
  1728 | D:2      | Noticed Natasha
  1738 | D:2      | Killed Natasha
  1838 | D:2      | Noticed Sigmund
  1854 | D:2      | HP: 1/41 [something (9)]
  1855 | D:2      | Killed Sigmund
  1856 | D:2      | Reached skill level 6 in Axes
  1856 | D:2      | Reached XP level 5. HP: 2/47 MP: 4/4
  2287 | D:2      | Noticed Natasha
  2294 | D:2      | Killed Natasha
  2295 | D:2      | Reached XP level 6. HP: 44/53 MP: 5/5
  3052 | D:3      | Found a hide-covered altar of Uskayaw.
  3061 | D:3      | Found a sacrificial altar of Ru.
  3565 | D:4      | Found a runed translucent door.
  3566 | D:4      | Noticed Crazy Yiuf
  3880 | D:4      | Killed Crazy Yiuf
  3937 | D:5      | Entered Level 5 of the Dungeon
  3972 | D:5      | Reached skill level 5 in Fighting
  4074 | D:5      | Reached skill level 5 in Armour
  4193 | D:5      | Found a blossoming altar of Fedhas.
  4212 | D:5      | Reached XP level 7. HP: 59/61 MP: 6/6
  4320 | D:5      | Reached *** piety under Trog
  4321 | D:5      | Reached skill level 7 in Axes
  4322 | D:5      | Reached skill level 1 in Staves
  4348 | D:5      | HP: 2/61 [black bear (4)]
  4780 | D:5      | Found a staircase to the Ecumenical Temple.
  4800 | Temple   | Entered the Ecumenical Temple
  5030 | D:5      | HP: 2/61 [gnoll/+0 flail (4)]
  5041 | D:5      | HP: 2/91 [goblin/+0 hand axe (3)]
  5043 | D:5      | Slain by a goblin

Illustrated notes

Levels and vault maps discovered:
D:1:      eino_arrival_tree_alley, layout_loops_ring,
          nicolae_ecumenical_lake_church, minmay_cupped
D:2:      layout_loops_corners, uniq_natasha, uniq_sigmund
D:3:      layout_basic, mainiacjoe_overflow_swirl
D:4:      layout_loops_ring, uniq_crazy_yiuf_cottage
D:5:      layout_loops_corners, mainiacjoe_overflow_alcove_1,
          kennysheep_mini_moat, minmay_temple_entry_stoned_glass, serial_bayou,
          serial_bayou_pond_c, serial_bayou_pond_a, serial_bayou_pond_d,
          serial_bayou_lagoon_a, serial_bayou_pond_b
Temple:   nicolae_temple_bog_church

Skill      XL: |  1  2  3  4  5  6  7 |
---------------+----------------------+-----
Axes           | 4 5 6 7 |  7.2
Fighting       | 4 5 |  5.4
Armour         | 3 4 5 6 |  6.5
Staves         | 2 |  2.0
Dodging        | |  2.9
Stealth        | |  0.5

Action                   |  1- 3 |  4- 6 |  7- 9 || total
-------------------------+-------+-------+-------++-------
Melee: Hand axe          |    76 |    75 |       ||   151
       Headbutt          |     9 |    14 |     6 ||    29
       Punch             |     1 |     2 |       ||     3
       Quarterstaff      |       |    27 |    53 ||    80
Invok: Berserk           |       |     2 |     1 ||     3
Evoke: Wand              |       |       |     3 ||     3
  Use: Potion            |       |     1 |       ||     1
Armor: Chain mail        |    29 |    57 |    42 ||   128
Dodge: Dodged            |    42 |    43 |    30 ||   115
